 Dungeon Crawl Stone Soup version 0.19-a0-975-gfff5315 (webtiles) character file.

3992 Ijustatesigmund the Skirmisher (level 10, 0/120 HPs)
             Began as a Demonspawn Fighter on July 13, 2016.
             Was a Believer of Okawaru.
             Succumbed to Erica's bolt of poison
             ... on level 8 of the Dungeon.
             The game lasted 00:19:57 (7287 turns).

Ijustatesigmund the Skirmisher (Demonspawn Fighter) Turns: 7287, Time: 00:19:58

Health: 0/120      AC: 17    Str: 21    XL:     10   Next: 3%
Magic:  12/14      EV: 13    Int:  9    God:    Okawaru [**....]
Gold:   405        SH: 10    Dex: 22    Spells: 2 memorised, 7 levels left

rFire  + + .     SeeInvis .     B - +8 quick blade
rCold  x . .     Gourm    .     g - +0 fire dragon armour
rNeg   . . .     Faith    .     c - +0 shield
rPois  .         Spirit   .     (helmet restricted)
rElec  .         Dismiss  .     A - +0 cloak
rCorr  .         Reflect  .     q - +0 pair of gloves
SustAt .         Harm     .     E - +2 pair of boots {Stlth+}
MR     .....                    (no amulet)
Stlth  ..........               (no ring)
                                (no ring)

@: mighty, agile, berserking (expiring), lethally poisoned (0 -> -2), very
quick, not resistant to hostile enchantments, extremely unstealthy
A: antennae 1, talons 1, icy blue scales 1, nightstalker 1, powered by pain 1
a: Heroism, Renounce Religion


You were on level 8 of the Dungeon.
You worshipped Okawaru.
Okawaru was pleased with you.
You were not hungry.

You visited 2 branches of the dungeon, and saw 9 of its levels.
You also visited: Ossuary.

You collected 405 gold pieces.

Inventory:

Hand Weapons
 a - a +1 long sword
 B - a +8 quick blade (weapon)
Missiles
 z - 4 poisoned tomahawks (quivered)
Armour
 c - a +0 shield (worn)
 g - a +0 fire dragon armour (worn)
 l - the +3 scale mail of Inference {rC+ rCorr}
   (You found it on level 4 of the Dungeon)

   It protects you from cold.
   It protects you from acid and corrosion.
 m - a +0 large shield
 q - a +0 pair of gloves (worn)
 A - a +0 cloak (worn)
 E - a +2 pair of boots of stealth (worn)
Scrolls
 j - a scroll of recharging
 p - 3 scrolls of identify
 s - 2 scrolls of remove curse
 v - 2 scrolls of blinking
 x - a scroll of magic mapping
 y - 2 scrolls of teleportation
Potions
 e - 3 potions of curing
 n - 3 potions of lignification
 o - a potion of cancellation {unknown}
 r - a potion of cure mutation
 u - a potion of magic
Comestibles
 b - 4 chunks of flesh
 d - 2 fruits
 f - 4 bread rations
 h - 3 royal jellies
 i - 2 meat rations
 w - a beef jerky


   Skills:
 - Level 7.7 Fighting
 + Level 4.3(6.1) Short Blades
 - Level 6.7(7.3) Long Blades
 - Level 6.6 Armour
 - Level 1.1 Dodging
 + Level 4.2 Stealth
 - Level 2.6 Shields
 + Level 5.4 Invocations


You had 7 spell levels left.
You knew the following spells:

 Your Spells              Type           Power        Failure   Level  Hunger
a - Apportation           Tloc           #.........   100%        1    ##.....
b - Summon Butterflies    Summ           #.......     100%        1    ##.....


Dungeon Overview and Level Annotations

Branches:
Dungeon (8/15)             Temple (1/1) D:5
   Lair: D:8-11

Altars:
Ashenzari
Cheibriados
Dithmenos
Elyvilon
Fedhas
Gozag
Hepliaklqana
Kikubaaqudgha
Makhleb
Nemelex Xobeh
Okawaru
Pakellas
Sif Muna
Trog
Uskayaw
Vehumet
Xom
Yredelemnul
Zin
The Shining One

Shops:
D:6 :   D:7 }


Innate Abilities, Weirdness & Mutations

You have a pair of small antennae on your head.
You are partially covered in icy blue scales. (AC +1)
You are slightly more attuned to the shadows.
You sometimes gain a little power by taking damage.
You have sharp toenails.


Message History

You closely miss the komodo dragon.
The komodo dragon is lightly wounded.
You hit the komodo dragon.
The komodo dragon is moderately wounded.
Your shield and fire dragon armour prevent you from hitting the komodo dragon.
The komodo dragon is moderately wounded.
You puncture the komodo dragon!
The komodo dragon is heavily wounded.
You feel sick. The komodo dragon barely misses you.
You closely miss the komodo dragon.
The komodo dragon is heavily wounded.
You puncture the komodo dragon!
The komodo dragon is severely wounded.
You hit the komodo dragon but do no damage.
The komodo dragon is severely wounded.
The komodo dragon bites you!
* * * LOW HITPOINT WARNING * * *
You focus on the pain.
You feel agile all of a sudden.
You die...

###### ....
.......# .....
.......# .....
.......##....
........#O..
........#l#
........)†#
.......@###
.......# #
#.##...#
..#.....##
.#...#.##.#####.
..###...#.......
#...#.#..#..##..
............#
#...##.##.#


You could see a komodo dragon and an ogre.

Vanquished Creatures
  Erica (D:8)
  Maurice (D:8)
  A komodo dragon (D:8)
  The ghost of Liquid the Insei, an amateur DsCK of Xom (D:4)
  A water moccasin (D:7)
  3 black bears
  An orc warrior (D:7)
  2 ogres
  2 crocodiles (D:8)
  A big kobold (D:7)
  4 giant frogs
  A wyvern skeleton (D:6)
  A water moccasin zombie (Ossuary)
  3 scorpions
  A howler monkey (D:6)
  2 crimson imps
  2 giant frog zombies
  A centaur skeleton (D:4)
  4 orc priests
  6 hounds
  4 orc wizards
  4 iguanas
  5 worker ants
  4 big kobold zombies (Ossuary)
  2 mummies (Ossuary)
  A howler monkey zombie (D:7)
  12 adders
  4 shadow imps
  4 oozes
  8 adder zombies
  2 adder skeletons
  4 worms
  3 dart slugs
  6 giant geckos
  21 orcs
  A ball python (D:7)
  8 bats
  5 giant cockroaches
  7 goblins
  8 hobgoblins
  11 jackals
  2 quokkas
  8 giant newts
  3 gnoll zombies (Ossuary)
  7 hobgoblin zombies (Ossuary)
  16 kobolds
  9 kobold zombies (Ossuary)
  2 orc zombies (Ossuary)
  6 rats
216 creatures vanquished.

Notes
Turn   | Place    | Note
-------+----------+-------------------------------------------
     0 | D:1      | Ijustatesigmund the Demonspawn Fighter began the quest for the Orb.
     0 | D:1      | Reached XP level 1. HP: 18/18 MP: 1/1
    56 | D:1      | Reached skill level 1 in Dodging
    56 | D:1      | Gained mutation: You are slightly more attuned to the shadows. [demonic ancestry]
    56 | D:1      | Reached XP level 2. HP: 16/24 MP: 2/2
  1040 | D:2      | Reached XP level 3. HP: 6/29 MP: 3/3
  1541 | D:2      | Found an opulent altar of Gozag.
  1727 | D:2      | Reached XP level 4. HP: 37/37 MP: 4/4
  2057 | D:3      | Reached skill level 4 in Fighting
  2309 | D:3      | Reached XP level 5. HP: 35/43 MP: 5/5
  3024 | D:4      | Noticed an ogre
  3035 | D:4      | HP: 1/64 [ogre/giant club (14)]
  3038 | D:4      | Killed an ogre
  3038 | D:4      | Reached XP level 6. HP: 1/50 MP: 6/6
  3102 | D:4      | Reached skill level 5 in Fighting
  3196 | D:5      | Entered Level 5 of the Dungeon
  3421 | D:4      | Got an agate-encrusted scale mail
  3538 | D:4      | Noticed Liquid's ghost (amateur DsCK)
  3578 | D:4      | Killed Liquid's ghost
  3578 | D:4      | Reached XP level 7. HP: 38/56 MP: 7/7
  3589 | D:4      | Found a sand-covered staircase.
  3593 | Ossuary  | Entered an ossuary
  3651 | Ossuary  | Identified the +3 scale mail of Inference {rC+ rCorr} (You found it on level 4 of the Dungeon)
  3839 | Ossuary  | Reached skill level 5 in Long Blades
  4534 | D:4      | Reached skill level 6 in Fighting
  4794 | D:5      | Reached skill level 5 in Armour
  4794 | D:5      | Gained mutation: You sometimes gain a little power by taking damage. [demonic ancestry]
  4794 | D:5      | Reached XP level 8. HP: 53/64 MP: 8/8
  4822 | D:5      | Learned a level 1 spell: Apportation
  4824 | D:5      | Learned a level 1 spell: Summon Butterflies
  5166 | D:5      | Found a shimmering altar of Xom.
  5422 | D:5      | Found a staircase to the Ecumenical Temple.
  5449 | D:5      | Gained mutation: You regenerate slowly when monsters are visible. [potion of mutation]
  5449 | D:5      | Gained mutation: You have sharp toenails. [potion of mutation]
  5449 | D:5      | Gained mutation: You tend to lose your temper in combat. [potion of mutation]
  5450 | D:5      | Lost mutation: You tend to lose your temper in combat. [potion of cure mutation]
  5450 | D:5      | Lost mutation: You regenerate slowly when monsters are visible. [potion of cure mutation]
  5540 | Temple   | Entered the Ecumenical Temple
  5856 | D:6      | Reached skill level 7 in Fighting
  6001 | D:6      | Found a hazy altar of Hepliaklqana.
  6007 | D:6      | Found a burning altar of Makhleb.
  6008 | D:6      | Found a shimmering altar of Xom.
  6009 | D:6      | Found a sparkling altar of Nemelex Xobeh.
  6039 | D:6      | Found a basalt altar of Yredelemnul.
  6040 | D:6      | Found a white marble altar of Elyvilon.
  6049 | D:6      | Found a deep blue altar of Sif Muna.
  6143 | D:6      | Found an iron altar of Okawaru.
  6195 | D:6      | Found Idghegup's Book Shoppe.
  6239 | D:6      | Became a worshipper of Warmaster Okawaru
  6345 | D:6      | Found a shadowy altar of Dithmenos.
  6497 | D:7      | Gained mutation: You have a pair of small antennae on your head. [demonic ancestry]
  6497 | D:7      | Reached XP level 9. HP: 43/72 MP: 9/9
  6531 | D:7      | Identified a scroll of acquirement
  6636 | D:7      | Reached skill level 1 in Short Blades
  6748 | D:7      | Found Xiliteth's Gadget Shop.
  6799 | D:7      | Reached skill level 1 in Invocations
  6935 | D:7      | Reached * piety under Okawaru
  6940 | D:7      | Reached skill level 1 in Stealth
  6984 | D:8      | Noticed Maurice
  7221 | D:8      | Killed Maurice
  7248 | D:8      | Noticed Erica
  7255 | D:8      | Noticed a komodo dragon
  7257 | D:8      | Noticed a komodo dragon
  7257 | D:8      | Killed Erica
  7257 | D:8      | Reached ** piety under Okawaru
  7268 | D:8      | Killed a komodo dragon
  7268 | D:8      | Reached skill level 5 in Invocations
  7270 | D:8      | Gained mutation: You are partially covered in icy blue scales. (AC +1) [demonic ancestry]
  7270 | D:8      | Reached XP level 10. HP: 26/80 MP: 12/14
  7286 | D:8      | HP: 1/120 [komodo dragon (14)]
  7287 | D:8      | Succumbed to Erica's bolt of poison

Vault maps used:
D:1:      dpeg_arrival_tiny_c, serial_forest, infiniplex_forest_clump_large,
          infiniplex_forest_straight_3, infiniplex_forest_clump_curved,
          infiniplex_forest_clump_double, infiniplex_forest_clump_tiny,
          fountainhead, minmay_tiny_reverse_x
D:2:      grunt_gozag_breadcrumbs, st_stairs_1
D:4:      first_bread, nicolae_ossuary_entry_false_entrances
D:5:      basic_altar
D:6:      nicolae_dithmenos_through_a_glass_darkly, grunt_temple_overflow_open,
          lemuel_crystal_altar, serial_shops, shop_fountains
D:7:      serial_shops, shop
D:8:      dpeg_lair_monsters, uniq_erica, uniq_maurice
Temple:   zaba_magenta_temple
Ossuary:  ossuary_tomb_2

Skill      XL: |  1  2  3  4  5  6  7  8  9 |
---------------+----------------------------+-----
Long Blades    | 2 3 4 5 6 |  6.7
Dodging        | 1 |  1.1
Fighting       | 4 5 6 7 |  7.7
Armour         | 3 4 5 6 |  6.6
Short Blades   | 4 |  4.3
Invocations    | 5 |  5.4
Stealth        | 4 |  4.2
Shields        | |  2.6

Action                   |  1- 3 |  4- 6 |  7- 9 | 10-12 || total
-------------------------+-------+-------+-------+-------++-------
Melee: Long sword        |   182 |   266 |   499 |       ||   947
       Kick              |       |       |    62 |       ||    62
       Quick blade       |       |       |   197 |    14 ||   211
  Use: Scroll            |     2 |     7 |    17 |       ||    26
       Potion            |       |     2 |     4 |       ||     6
 Stab: Sleeping          |       |       |     1 |       ||     1
  Eat: Chunk             |     3 |     7 |    10 |       ||    20
       Royal jelly       |       |       |     1 |       ||     1
       Beef jerky        |       |       |     1 |       ||     1
Armor: Scale mail        |    81 |    54 |       |       ||   135
       Fire dragon armou |       |    81 |   295 |     1 ||   377
Dodge: Dodged            |    48 |    82 |   174 |     1 ||   305
Block: Shield            |    92 |   113 |   290 |       ||   495
